 Dungeon Crawl Stone Soup version 0.30-a0-576-g89cddaab80 (webtiles) character file.

Game seed: 2212780113998778207

8663 ryw the Cleaver (level 11, -7/89 HPs)
             Began as a Hill Orc Necromancer on Dec 30, 2022.
             Was a Believer of Kikubaaqudgha.
             Mangled by a komodo dragon (29 damage)
             ... on level 1 of the Lair of Beasts.
             The game lasted 00:32:03 (14512 turns).

ryw the Cleaver (Hill Orc Necromancer)             Turns: 14512, Time: 00:32:03

Health: -7/89      AC: 11    Str: 12    XL:     11   Next: 34%
Magic:  17/17      EV: 12    Int: 19    God:    Kikubaaqudgha [**....]
Gold:   631        SH:  0    Dex: 13    Spells: 5/19 levels left

rFire   + . .      SeeInvis +    e - +4 broad axe "Yshoinoz" {elec, Dex+2}
rCold   + . .      Faith    .    (no shield)
rNeg    . . .      Spirit   .    k - +3 leather armour {rC+}
rPois   .          Reflect  .    i - +2 helmet
rElec   .          Harm     .    f - +0 cloak
rCorr   .          Rampage  .    (no gloves)
Will    .....                    (no boots)
Stlth   ++                       (no amulet)
HPRegen 0.34/turn                l - ring of see invisible
MPRegen 0.15/turn                E - ring of protection from fire

@: lethally poisoned (-7 -> -13)
A: no striking features
a: Renounce Religion, Unearth Wretches


You were on level 1 of the Lair of Beasts.
You worshipped Kikubaaqudgha.
Kikubaaqudgha was pleased with you.
You visited 3 branches of the dungeon, and saw 11 of its levels.
You also visited: Ossuary and Bailey.

You collected 631 gold pieces.

Inventory:

Hand Weapons
 e - the +4 broad axe "Yshoinoz" (weapon) {elec, Dex+2}
   (You acquired it on level 4 of the Dungeon)

   It occasionally discharges a powerful burst of electricity upon striking a
   foe.
   Dex:       It affects your dexterity (+2).
Armour
 d - a +0 ring mail
 f - a +0 cloak (worn)
 i - a +2 helmet (worn)
 k - a +3 leather armour of cold resistance (worn)
Jewellery
 l - a ring of see invisible (left hand)
 E - a ring of protection from fire (right hand)
Wands
 h - a wand of charming (8)
 y - a wand of digging (3)
 B - a wand of flame (4)
 D - a wand of polymorph (5)
Scrolls
 c - 3 scrolls of enchant weapon
 m - a scroll of noise
 o - 3 scrolls of magic mapping
 p - a scroll of immolation
 q - 2 scrolls of silence
 r - a scroll of amnesia
 t - 6 scrolls of teleportation
 u - a scroll of summoning
 z - 3 scrolls of identify
 C - a scroll of fog
Potions
 b - 2 potions of magic (quivered)
 g - a potion of invisibility
 j - 3 potions of heal wounds
 s - 2 potions of flight
 v - 4 potions of curing
 w - 2 potions of lignification
 x - 3 potions of degeneration
 A - 4 potions of mutation
 I - a potion of brilliance {unknown}
Miscellaneous
 a - a phantom mirror
 n - a lightning rod (4/4)


   Skills:
 + Level 5.8 Fighting
 * Level 12.2 Axes
 - Level 5.0 Armour
 - Level 3.0 Dodging
 - Level 1.5 Stealth
 + Level 4.6 Spellcasting
 - Level 3.0 Conjurations
 * Level 10.9 Necromancy
 - Level 3.0 Fire Magic


You had 5 spell levels left.
You knew the following spells:

 Your Spells              Type           Power      Damage    Failure   Level
a - Necrotise             Necr           100%       1d9       1%          1
b - Vampiric Draining     Necr           46%        2d9       1%          3
c - Animate Dead          Necr           46%        N/A       1%          4
d - Agony                 Necr           46%        N/A       4%          5
e - Foxfire               Conj/Fire      60%        2x1d7     4%          1

Your spell library contained the following spells:

 Spells                   Type           Power      Damage    Failure   Level
 Kiss of Death            Conj/Necr      100%       2d13      1%          1
 Magic Dart               Conj           60%        1d6       4%          1
 Searing Ray              Conj           30%        2d5       8%          2
 Static Discharge         Conj/Air       20%        2-3/arc   14%         2
 Beastly Appendage        Tmut           8%         N/A       17%         1
 Freeze                   Ice            16%        1d4       17%         1
 Anguish                  Hex/Necr       12%        N/A       17%         4
 Ensorcelled Hibernation  Hex/Ice        8%         N/A       26%         2
 Wereblood                Tmut           4%         N/A       26%         2
 Hailstorm                Conj/Ice       10%        3d5       26%         3
 Frozen Ramparts          Ice            8%         1d2       45%         3
 Spider Form              Tmut/Pois      4%         N/A       45%         3
 Vhi's Electric Charge    Tloc/Air       8%         N/A       45%         3
 Fulminant Prism          Conj/Hex       5%         3d6       65%         4
 Fireball                 Conj/Fire      7%         3d5       80%         5
 Petrify                  Tmut/Erth      4%         N/A       86%         4
 Arcjolt                  Conj/Air       5%         1d15      94%         5
 Lightning Bolt           Conj/Air       5%         1d17      94%         5
 Metabolic Englaciation   Hex/Ice        2%         N/A       99%         5
 Summon Forest            Summ/Tloc      2%         N/A       99%         5
 Summon Mana Viper        Hex/Summ       4%         N/A       99%         5
 Starburst                Conj/Fire      7%         6d4       100%        6
 Statue Form              Tmut/Erth      2%         N/A       100%        6
 Summon Cactus Giant      Summ           2%         N/A       100%        6
 Haunt                    Necr/Summ      12%        N/A       100%        7
 Malign Gateway           Summ/Tloc      2%         N/A       100%        7
 Infestation              Necr           23%        N/A       100%        8
 Summon Horrible Things   Summ           2%         N/A       100%        8


Dungeon Overview and Level Annotations

Branches:
Dungeon (9/15)             Temple (1/1) D:5            Lair (1/5) D:9
Ossuary (visited)          Bailey (visited)
    Orc: D:9-12

Altars:
Ashenzari
Cheibriados
Dithmenos
Elyvilon
Fedhas
Gozag
Hepliaklqana
Kikubaaqudgha
Makhleb
Nemelex Xobeh
Okawaru
Qazlal
Ru
Sif Muna
Trog
Uskayaw
Vehumet
Xom
Yredelemnul
Zin
The Shining One

Shops:
D:1 !   D:6 [

Annotations:
D:5 3 runed translucent doors, Darkkill's ghost, novice MiHu


Message History

You are poisoned.
The water moccasin poisons you! The water moccasin misses you.
You hit the water moccasin.
The water moccasin is moderately wounded.
You feel very sick. The water moccasin bites you.
You are more poisoned.
The water moccasin poisons you!
You slash the water moccasin!
Lightning courses through the water moccasin!
The water moccasin is almost dead.
You feel very sick. The water moccasin closely misses you.
Your komodo dragon zombie barely misses the water moccasin.
You miss the water moccasin.
The water moccasin is almost dead.
You feel very sick. The water moccasin barely misses you.
The water moccasin closely misses you.
You slash the water moccasin!
Lightning courses through the water moccasin!
You kill the water moccasin!
Kikubaaqudgha accepts your kill.
You hit the komodo dragon.
You feel very sick.
Your komodo dragon zombie bites the komodo dragon.
The komodo dragon closely misses you.
You are too injured to fight recklessly!
You are too injured to fight recklessly!
You are too injured to fight recklessly!
You hit the komodo dragon but do no damage.
The komodo dragon is moderately wounded.
You feel very sick.
Your komodo dragon zombie bites the komodo dragon.
The komodo dragon bites you!!
* * * LOW HITPOINT WARNING * * *
You barely miss the komodo dragon.
The komodo dragon is moderately wounded.
You feel sick. The komodo dragon bites you!!
You die...
Kikubaaqudgha rasps: "You have failed me!
Welcome... death!"

. ....#. .. #
.♣..## .. # .
.....##. . #.#. #
......#.........###
#.....#.........#.#
..♣......# #....<
#.l...#..# ##.....
##@ZZ...$.###......
#.........#.#......
#..+#+.#........^..
#.....††...........
#######..#####.....
#..# #...... ##..##
##..... #....#
#..... ##..##
##.....


You could see a komodo dragon (ally target) and 2 friendly komodo dragon
zombies.

Vanquished Creatures
  A two-headed ogre (D:9)
  A cyclops (Bailey)
  A cane toad (Lair:1)
  Psyche (D:9)
  A komodo dragon (Lair:1)
  A hornet (Bailey)
  A blink frog (Lair:1)
  A wraith (D:9)
  2 wyverns
  9 yaks
  A steam dragon (D:8)
  Menkaure (D:4)
  Edmund (D:5)
  6 water moccasins
  11 orc warriors
  A black bear (D:4)
  A sky beast (D:6)
  3 ogres
  A centaur (D:8)
  5 bullfrogs
  2 necrophages
  2 scorpions
  3 wights (D:8)
  An electric eel (D:7)
  A howler monkey (D:7)
  3 hounds
  A human zombie (Ossuary)
  5 orc priests
  5 jellies
  A gnoll bouda (D:6)
  2 iguanas
  Ijyb (D:5)
  6 orc wizards
  2 hound zombies (Ossuary)
  4 mummies (Ossuary)
  7 gnolls
  9 adders
  2 white imps
  3 ufetubi
  2 worms
  A dart slug (D:3)
  44 orcs
  6 endoplasms
  6 giant cockroaches
  17 goblins
  20 hobgoblins
  7 kobolds
  6 quokkas
  9 ball pythons
  13 bats
  6 frilled lizards
  A gnoll zombie (Ossuary)
  2 goblin zombies (Ossuary)
  2 hobgoblin zombies (Ossuary)
  2 kobold zombies (Ossuary)
  An orc zombie (Ossuary)
  5 rats
  A rat zombie (Ossuary)
261 creatures vanquished.

Vanquished Creatures (collateral kills)
  A komodo dragon (Lair:1)
  A yak (D:9)
  A water moccasin (Lair:1)
  An orc warrior (Bailey)
  A kobold brigand (D:9)
  A bullfrog (Lair:1)
  An orc (D:9)
  A ball python (D:1)
  An endoplasm (D:1)
  2 goblins (Bailey)
  A hobgoblin (Bailey)
  A quokka (D:2)
  2 kobolds
  A rat (D:3)
16 creatures vanquished.

Vanquished Creatures (others)
  A two-headed ogre (D:9)
  A manticore (D:9)
  2 komodo dragons (Lair:1)
  A yak (Lair:1)
  A two-headed ogre zombie (D:9)
  A jelly zombie (D:8)
  6 goblin zombies (Bailey)
  5 hobgoblin zombies (Bailey)
  8 orc zombies
  4 foxfires (Bailey)
  3 fungi
  6 plants
39 creatures vanquished.

Grand Total: 316 creatures vanquished

Notes
Turn   | Place    | Note
-------+----------+-------------------------------------------
     0 | D:1      | ryw the Hill Orc Necromancer began the quest for the Orb.
     0 | D:1      | Reached XP level 1. HP: 14/14 MP: 3/3
   209 | D:1      | Reached XP level 2. HP: 20/22 MP: 0/4
   564 | D:1      | Reached skill level 1 in Fighting
   804 | D:1      | Reached XP level 3. HP: 28/28 MP: 3/5
   865 | D:1      | Learned a level 3 spell: Vampiric Draining
  1116 | D:1      | Found Hyacawicrom's Distillery.
  1122 | D:1      | Reached skill level 1 in Armour
  2152 | D:2      | Reached XP level 4. HP: 36/36 MP: 4/7
  2738 | D:3      | Found a faded altar of an unknown god.
  2787 | D:3      | Found a shimmering blue altar of Sif Muna.
  3751 | D:3      | Reached XP level 5. HP: 38/41 MP: 2/8
  3903 | D:3      | Found an iron altar of Okawaru.
  4078 | D:4      | Found a sand-covered staircase.
  4106 | Ossuary  | Entered an ossuary
  4150 | Ossuary  | Reached skill level 1 in Axes
  4179 | Ossuary  | Reached XP level 6. HP: 27/50 MP: 9/9
  4290 | Ossuary  | Reached skill level 5 in Necromancy
  4632 | D:4      | Noticed an orc warrior
  4790 | D:4      | Killed an orc warrior
  4862 | D:4      | Reached skill level 2 in Axes
  4924 | D:4      | Noticed Menkaure
  4968 | D:4      | Killed Menkaure
  4969 | D:4      | Reached XP level 7. HP: 57/57 MP: 9/11
  5281 | D:4      | Learned a level 4 spell: Animate Dead
  5467 | D:4      | Reached skill level 3 in Axes
  5735 | D:4      | Identified a scroll of acquirement
  5735 | D:4      | Acquired the +4 broad axe "Yshoinoz" {elec, Dex+2}
  5867 | D:5      | Entered Level 5 of the Dungeon
  5881 | D:5      | Noticed Ijyb
  5892 | D:5      | Killed Ijyb
  5939 | D:5      | Noticed Edmund
  6106 | D:5      | Found a runed translucent gate.
  6108 | D:5      | Found a runed translucent gate.
  6111 | D:5      | Found a runed translucent gate.
  6113 | D:5      | Noticed Darkkill's ghost (novice MiHu)
  6173 | D:5      | Reached XP level 8. HP: 66/66 MP: 12/12
  6293 | D:5      | Reached skill level 4 in Axes
  6436 | D:5      | Killed Edmund
  6605 | D:5      | Found a staircase to the Ecumenical Temple.
  6690 | Temple   | Entered the Ecumenical Temple
  6932 | Temple   | Became a worshipper of Kikubaaqudgha
  7156 | D:5      | Reached skill level 5 in Axes
  7470 | D:5      | Learned a level 5 spell: Agony
  7947 | D:6      | Reached skill level 6 in Axes
  7968 | D:6      | Found Legh's Antique Armour Boutique.
  8122 | D:6      | Reached skill level 7 in Axes
  8122 | D:6      | Reached XP level 9. HP: 59/71 MP: 13/13
  8131 | D:6      | Reached * piety under Kikubaaqudgha
  8131 | D:6      | Received a gift from Kikubaaqudgha
  8625 | D:7      | Reached skill level 8 in Axes
  8915 | D:7      | Found a white marble altar of Elyvilon.
  9834 | D:7      | Learned a level 1 spell: Foxfire
 10221 | D:8      | Reached skill level 9 in Axes
 10442 | D:8      | Reached skill level 1 in Conjurations
 10442 | D:8      | Reached skill level 1 in Fire Magic
 10544 | D:8      | Found a shimmering altar of Xom.
 10544 | D:8      | Found an opulent altar of Gozag.
 10546 | D:8      | Found a snail-covered altar of Cheibriados.
 10546 | D:8      | Found a radiant altar of Vehumet.
 10712 | D:8      | Found a flagged portal.
 10747 | Bailey   | Entered a bailey
 10835 | Bailey   | Reached ** piety under Kikubaaqudgha
 10854 | Bailey   | Reached XP level 10. HP: 76/78 MP: 13/15
 10885 | Bailey   | Reached skill level 10 in Axes
 11008 | Bailey   | Noticed an orc knight
 11009 | Bailey   | Noticed an orc knight
 11201 | Bailey   | an orc knight changed into a cyclops
 11201 | Bailey   | Noticed a cyclops
 11205 | Bailey   | Killed a cyclops
 11284 | Bailey   | Noticed an orc knight
 11288 | Bailey   | an orc knight changed into a hornet
 11328 | Bailey   | Paralysed by a hornet for 1 turns
 11568 | Bailey   | Noticed an orc warlord
 11901 | D:9      | Noticed Psyche
 12156 | D:9      | Found a staircase to the Lair.
 12901 | D:9      | Killed Psyche
 12902 | D:9      | Reached skill level 10 in Necromancy
 13245 | D:9      | Reached skill level 11 in Axes
 13388 | D:9      | Noticed a two-headed ogre
 13400 | D:9      | Killed a two-headed ogre
 13401 | D:9      | Reached skill level 5 in Fighting
 13401 | D:9      | Reached XP level 11. HP: 85/86 MP: 17/17
 13587 | D:9      | HP: 4/88 [yak (11)]
 13595 | D:9      | Reached skill level 5 in Armour
 14075 | Lair:1   | Entered Level 1 of the Lair of Beasts
 14168 | Lair:1   | Reached skill level 12 in Axes
 14512 | Lair:1   | Mangled by a komodo dragon

Illustrated notes

Levels and vault maps discovered:
D:1:      shiori_arrival_maze, layout_loops_ring, serial_shops, shop_fountains,
          minmay_bisected
D:2:      layout_basic
D:3:      layout_basic, okawaru_altar_gauntlet_db, overflow_temple_1_default,
          shapermc_ecumenical_altar_starsandcircs
D:4:      minmay_razor_zed, layout_basic, nicolae_ossuary_entry_false_entrances,
          chequers_garden, uniq_menkaure
D:5:      layout_basic, temple_hall, gammafunk_ghost_nasty_kobolds, uniq_edmund,
          uniq_ijyb
D:6:      layout_loops_ring, serial_shops, nicolae_shop_window_shopping
D:7:      layout_basic, mainiacjoe_overflow_catwalk, minivault_14,
          nicolae_fountain_basement
D:8:      layout_basic, mainiacjoe_overflow_alcove_3, enter_bailey_2
D:9:      layout_stronghold, lair_entry_dummy, grunt_ministairs_9,
          skrybe_limestone_x, uniq_psyche
Temple:   eino_temple_water
Lair:1:   layout_small_grid, minmay_shattered_shrine, grunt_megastairs_3,
          lemuel_fruit_fields

Skill      XL: |  1  2  3  4  5  6  7  8  9 10 11 |
---------------+----------------------------------+-----
Fighting       | 1 2 3 4 5 |  5.8
Dodging        | 2 3 |  3.0
Armour         | 1 2 3 4 5 |  5.0
Spellcasting   | 2 3 4 |  4.6
Axes           | 1 2 3 7 9 11 12 | 12.2
Necromancy     | 5 6 7 9 10 | 10.9
Conjurations   | 1 3 |  3.0
Fire Magic     | 2 3 |  3.0
Stealth        | |  1.5

Action                   |  1- 3 |  4- 6 |  7- 9 | 10-12 || total
-------------------------+-------+-------+-------+-------++-------
Melee: Unarmed           |    30 |       |       |       ||    30
       Punch             |     1 |     1 |     8 |     2 ||    12
       Spear             |    10 |    40 |       |       ||    50
       War axe           |       |    59 |    50 |       ||   109
       Broad axe         |       |       |   257 |   150 ||   407
 Cast: Necrotise         |    63 |    66 |    13 |     3 ||   145
       Vampiric Draining |       |     1 |     8 |     5 ||    14
       Animate Dead      |       |       |     2 |     4 ||     6
       Foxfire           |       |       |       |     2 ||     2
Invok: Unearth Wretches  |       |       |       |     3 ||     3
Evoke: Wand              |       |     5 |     1 |    23 ||    29
  Use: Potion            |       |     3 |     6 |     4 ||    13
       Scroll            |       |       |    16 |     6 ||    22
 Stab: Invisible         |       |     2 |     1 |       ||     3
       Sleeping          |       |       |     2 |       ||     2
       Paralysed         |       |       |       |     4 ||     4
Armor: Ring mail         |    22 |    78 |    10 |       ||   110
       Leather armour    |       |       |   104 |    42 ||   146
       Robe              |       |       |     9 |       ||     9
       Skin              |       |       |    22 |       ||    22
Dodge: Dodged            |    46 |   101 |   194 |   108 ||   449

Table legend: (Time is in decaauts)
 A = Elapsed time spent in this place.
 B = Non-inter-level travel time spent in this place.
 C = Inter-level travel time spent in this place.
 D = Time resting spent in this place.
 E = Time spent auto-exploring this place.
 F = Levels seen in this place.
 G = Mean time per level.
                   A        B        C        D        E       F      G
               +--------+--------+--------+--------+--------+-----+--------+
         Total |  14622 |  13917 |    705 |   2891 |   8498 |  13 | 1124.8 |
       Dungeon |  12608 |  11953 |    655 |   2223 |   7742 |   9 | 1400.9 |
        Temple |    261 |    211 |     50 |      0 |    199 |   1 |  261.0 |
          Lair |    435 |    435 |      0 |    125 |    207 |   1 |  435.0 |
       Ossuary |    451 |    451 |      0 |    113 |    176 |   1 |  451.0 |
        Bailey |    864 |    864 |      0 |    430 |    174 |   1 |  864.0 |
               +--------+--------+--------+--------+--------+-----+--------+

Top non-repeatable levels by time:
     D:7: 1574 daAuts
     D:9: 1532 daAuts
     D:8: 1527 daAuts
     D:2: 1511 daAuts
     D:4: 1476 daAuts
     D:1: 1407 daAuts
     D:5: 1261 daAuts
     D:3: 1212 daAuts
     D:6: 1106 daAuts
  Bailey: 864 daAuts
 Ossuary: 451 daAuts
  Lair:1: 435 daAuts
  Temple: 261 daAuts
